 Dungeon Crawl Stone Soup version 0.20-a0-443-g0464b71 (console) character file.

147 Eviona the Cudgeler (level 5, -2/48 HPs)
             Began as an Ogre Wizard on Jan 7, 2017.
             Killed from afar by an orc wizard (3 damage)
             ... with a puff of flame
             ... on level 2 of the Dungeon.
             The game lasted 00:05:11 (3125 turns).

Eviona the Cudgeler (Ogre Wizard)                   Turns: 3125, Time: 00:05:12

Health: -2/48      AC:  4    Str: 11    XL:     5   Next: 29%
Magic:  7/10       EV: 10    Int: 20    God:
Gold:   48         SH:  0    Dex:  7    Spells: 8/11 levels left

rFire  . . .     SeeInvis .     g - +0 club
rCold  . . .     Gourm    .     p - +1 robe {MR+}
rNeg   . . .     Faith    .     (no shield)
rPois  .         Spirit   .     b - +0 hat
rElec  .         Reflect  .     (no cloak)
rCorr  .         Harm     .     (gloves unavailable)
MR     +....                    (boots unavailable)
Stlth  +.........               (no amulet)
                                (no ring)
                                (no ring)

@: no status effects
A: unfitting armour, tough skin 1
a: no special abilities


You were on level 2 of the Dungeon.
You were not hungry.

You visited 1 branch of the dungeon, and saw 3 of its levels.

You collected 48 gold pieces.

Inventory:

Hand Weapons
 g - a +0 club (weapon)
Armour
 b - a +0 hat (worn)
 p - a +1 robe of magic resistance (worn)
Jewellery
 e - a cursed ring of loudness {unknown}
 i - an uncursed ring of protection from fire {unknown}
Scrolls
 a - a scroll of enchant armour {unknown}
 l - 2 scrolls of identify {unknown}
 m - a scroll of teleportation {unknown}
 n - 2 scrolls of amnesia {unknown}
 o - a scroll of fear {unknown}
 t - a scroll of fog {unknown}
Potions
 f - a potion of agility {unknown}
 j - a potion of invisibility {unknown}
 r - 2 potions of mutation {unknown}
 s - a potion of heal wounds {unknown}
Books
 c - a book of Minor Magic

   Spells                             Type                      Level
   a - Magic Dart                     Conjuration                  1
   b - Blink                          Translocation                2
   c - Call Imp                       Summoning                    2
   d - Repel Missiles                 Charms/Air                   2
   e - Slow                           Hexes                        2
   f - Conjure Flame                  Conjuration/Fire             3
   g - Mephitic Cloud                 Conjuration/Poison/Air       3
Comestibles
 d - 3 bread rations
 h - 2 chunks of flesh
 k - 4 meat rations
 q - 2 fruits


   Skills:
 - Level 1.0 Fighting
 + Level 4.2 Maces & Flails
 - Level 1.7 Dodging
 - Level 1.4 Stealth
 - Level 3.6 Spellcasting
 - Level 0.8 Conjurations
   Level 0.8 Summonings
 - Level 0.8 Translocations


You had 8 spell levels left.
You knew the following spells:

 Your Spells              Type           Power        Failure   Level  Hunger
a - Magic Dart            Conj           #...         12%         1    None
b - Blink                 Tloc           N/A          17%         2    ##.....


Dungeon Overview and Level Annotations

Branches:
Dungeon (3/15)

Altars:

Annotations:
D:3 krigyl's ghost, amateur DECj


Innate Abilities, Weirdness & Mutations

You are too large for most types of armour.
You have tough skin. (AC +1)


Message History

The puff of flame hits you!
* * * LOW HITPOINT WARNING * * *
You are too injured to fight recklessly!
You are too injured to fight recklessly!
You are too injured to fight recklessly!
The orc wizard hits you with a dagger of speed.
* * * LOW HITPOINT WARNING * * *
Some of the chunks of flesh in your inventory have rotted away.
There is a stone staircase leading up here.
The orc wizard casts a spell at you. The magic dart hits you!
* * * LOW HITPOINT WARNING * * *
The rat bites you but does no damage.
You climb upwards.
There is a stone staircase leading down here.
You barely miss the orc wizard.
The orc wizard is moderately wounded.
The orc wizard casts a spell at you. The puff of flame hits you!
You die...

#...## ##.## ###...........# #.#
#..#.###.## #.......#####.# #.#
#..##.#.## #.............# #.#
#.<###.## #........########.#
##..# #.# ###...#..#######...
#..)###.# #...#........>..#
#.#.....### ###.###.#######.##
#.#.......#### #.......# #####.##
>.....[......# #.#.##### #.....##
..#.#####.##.# #.#.# #.######
..#.# #.##.###@#.# #.# #..
..#.#####.##.##r.o.#######.# #.#
..#.##.............#.......# #..
..#.##.##.##.##...##.####### #.#
..#.......##.###.....##########.#
..#.......##.# ###..............#
.....)....##.# #..........##<.#
.............# #..........##..#
###.......#### #.#.#####.......
#.#####.########.#.# ##.#####
#.#####.....)....#.# #.# #


You could see an orc wizard and a rat.

Vanquished Creatures
  Jessica (D:2)
  4 gnolls (D:2)
  2 adders (D:2)
  A worm (D:2)
  A dart slug (D:1)
  2 leopard geckos
  3 orcs (D:3)
  4 giant cockroaches
  10 goblins
  6 hobgoblins
  9 bats
  5 frilled lizards
  3 kobolds
  6 rats
57 creatures vanquished.

Notes
Turn   | Place    | Note
-------+----------+-------------------------------------------
     0 | D:1      | Eviona the Ogre Wizard began the quest for the Orb.
     0 | D:1      | Reached XP level 1. HP: 16/16 MP: 5/5
    87 | D:1      | Reached skill level 1 in Fighting
   169 | D:1      | Reached skill level 1 in Maces & Flails
   267 | D:1      | Reached XP level 2. HP: 15/27 MP: 0/6
   271 | D:1      | Learned a level 2 spell: Blink
   818 | D:1      | Reached skill level 2 in Maces & Flails
   897 | D:1      | Reached XP level 3. HP: 33/33 MP: 5/8
  1252 | D:2      | Noticed Jessica
  1275 | D:2      | Killed Jessica
  1275 | D:2      | Reached skill level 3 in Maces & Flails
  1275 | D:2      | Reached XP level 4. HP: 17/41 MP: 3/9
  2359 | D:2      | Reached XP level 5. HP: 15/48 MP: 4/10
  2557 | D:2      | Reached skill level 4 in Maces & Flails
  3030 | D:3      | Noticed krigyl's ghost (amateur DECj)
  3123 | D:3      | HP: 1/48 [orc wizard/magic dart (8)]
  3125 | D:2      | Killed from afar by an orc wizard

Vault maps used:
D:1:      saegor_arrival_under_anarchy
D:2:      minmay_hexomino_f4, uniq_jessica
D:3:      xom_redecorated

Skill      XL: |  1  2  3  4  5 |
---------------+----------------+-----
Fighting       | 1 |  1.0
Maces & Flails | 1 2 3 4 |  4.2
Dodging        | |  1.7
Stealth        | |  1.4
Spellcasting   | |  3.6
Conjurations   | |  0.8
Summonings     | |  0.8
Translocations | |  0.8

Action                   |  1- 3 |  4- 6 || total
-------------------------+-------+-------++-------
Melee: Club              |    27 |    93 ||   120
 Cast: Magic Dart        |    55 |    72 ||   127
  Eat: Chunk             |     1 |     6 ||     7
Armor: Robe              |     3 |    28 ||    31
Dodge: Dodged            |    16 |    63 ||    79
